 Dungeon Crawl Stone Soup version 0.19.4-10-g532645f (webtiles) character file.

111 Mesmaeker13 the Sneak (level 5, 0/38 HPs)
             Began as a Human Assassin on Feb 23, 2017.
             Slain by Nblphnx's ghost (2 damage)
             ... on level 3 of the Dungeon.
             The game lasted 00:07:06 (2313 turns).

Mesmaeker13 the Sneak (Human Assassin)              Turns: 2313, Time: 00:07:08

Health: 0/38       AC:  4    Str: 11    XL:     5   Next: 15%
Magic:  4/4        EV: 12    Int: 13    God:
Gold:   119        SH:  0    Dex: 14    Spells: 0 memorised, 4 levels left

rFire  . . .     SeeInvis .     a - +3 dagger
rCold  . . .     Gourm    .     y - +0 leather armour
rNeg   . . .     Faith    .     (no shield)
rPois  .         Spirit   .     (helmet restricted)
rElec  .         Reflect  .     d - +0 cloak
rCorr  +         Harm     .     (no gloves)
MR     .....                    (no boots)
Stlth  +++.......               (no amulet)
                                (no ring)
                                t - ring of resist corrosion

@: lethally poisoned (0 -> -34), slowed, very slow
A: beak, low mp 1, MP-powered wands
a: no special abilities


You were on level 3 of the Dungeon.
You were not hungry.

You visited 1 branch of the dungeon, and saw 3 of its levels.

You collected 119 gold pieces.

Inventory:

Hand Weapons
 a - a +3 dagger (weapon)
 b - a +0 blowgun
 s - a +1 vampiric dagger
Missiles
 c - 7 needles of paralysis
 e - 2 curare-tipped needles
 q - 8 poisoned needles
Armour
 d - a +0 cloak (worn)
 y - a +0 leather armour (worn)
Jewellery
 t - a ring of resist corrosion (left hand)
Wands
 k - a wand of random effects (30/48)
Scrolls
 h - 3 scrolls of enchant weapon
 j - 2 scrolls of remove curse
 n - a scroll of noise {unknown}
 o - a scroll of magic mapping {unknown}
 x - 2 scrolls of enchant armour {unknown}
Potions
 i - a potion of haste {unknown}
 m - a potion of lignification {unknown}
 p - a potion of flight
 r - 3 potions of brilliance
 v - a potion of curing {unknown}
 w - a potion of agility {unknown}
Books
 l - a book of Maledictions

   Spells                             Type                      Level
   a - Corona                         Hexes                        1
   b - Ensorcelled Hibernation        Hexes/Ice                    2
   c - Confuse                        Hexes                        3
   d - Tukima's Dance                 Hexes                        3
   e - Dazzling Spray                 Conjuration/Hexes            3
Comestibles
 g - 3 bread rations
 u - 2 chunks of flesh


   Skills:
 - Level 2.0 Fighting
 + Level 3.2 Short Blades
 - Level 2.0 Throwing
 + Level 2.5 Dodging
 + Level 5.0 Stealth


You had 4 spell levels left.
You didn't know any spells.

Dungeon Overview and Level Annotations

Branches:
Dungeon (3/15)

Altars:
Nemelex Xobeh
Uskayaw
Vehumet

Annotations:
D:3 Nblphnx's ghost, amateur DEWz


Innate Abilities, Weirdness & Mutations

You have a beak for a mouth.
Your magical capacity is low. (-10% MP)
You expend magic power (3 MP) to strengthen your wands.


Message History

Nblphnx's ghost barely misses you.
You hit Nblphnx's ghost but do no damage.
Nblphnx's ghost is severely damaged.
* * * LOW HITPOINT WARNING * * *
You feel sick. Nblphnx's ghost hits you.
* * * LOW HITPOINT WARNING * * *
You are more poisoned.
You closely miss Nblphnx's ghost.
Nblphnx's ghost is severely damaged.
* * * LOW HITPOINT WARNING * * *
You feel very sick.
Nblphnx's ghost hits you but does no damage.
You are more poisoned.
You hit Nblphnx's ghost.
Nblphnx's ghost is severely damaged.
* * * LOW HITPOINT WARNING * * *
You feel very sick.
The white imp disappears in a puff of smoke!
Nblphnx's ghost hits you.
You die...

#.# #.# #.# #.# #.#
.##.## .....# ####.#
#############
#..#.######...§W@.....#
#.(#.#........5######.#
#.(#.#.........5.)...
####...........######
...............#
#..............#
#..............#
#................
#..............#.#


You could see Nblphnx's ghost and a shadow imp.

Vanquished Creatures
  A hound (D:3)
  Robin (D:2)
  2 adders (D:2)
  A worm (D:1)
  2 dart slugs
  2 leopard geckos (D:2)
  A ball python (D:1)
  A giant cockroach (D:1)
  8 goblins
  12 hobgoblins
  A quokka (D:3)
  3 bats
  3 frilled lizards (D:1)
  5 rats
43 creatures vanquished.

Notes
Turn   | Place    | Note
-------+----------+-------------------------------------------
     0 | D:1      | Mesmaeker13 the Human Assassin began the quest for the Orb.
     0 | D:1      | Reached XP level 1. HP: 16/16 MP: 1/1
   371 | D:1      | Reached XP level 2. HP: 22/22 MP: 2/2
   745 | D:2      | Found a radiant altar of Vehumet.
   927 | D:2      | Noticed Robin
   940 | D:2      | Reached XP level 3. HP: 24/27 MP: 3/3
  1257 | D:2      | Killed Robin
  1272 | D:2      | Reached XP level 4. HP: 27/33 MP: 4/4
  1583 | D:2      | Found a sparkling altar of Nemelex Xobeh.
  1926 | D:3      | Noticed Nblphnx's ghost (amateur DEWz)
  2121 | D:3      | Reached skill level 5 in Stealth
  2121 | D:3      | Reached XP level 5. HP: 26/38 MP: 5/5
  2249 | D:3      | Noticed a dagger
  2249 | D:3      | Noticed a hand axe
  2250 | D:3      | Found a hide-covered altar of Uskayaw.
  2295 | D:3      | Gained mutation: Your magical capacity is low. (-10% MP) [potion of mutation]
  2295 | D:3      | Gained mutation: You expend magic power (3 MP) to strengthen your wands. [potion of mutation]
  2295 | D:3      | Gained mutation: You have a beak for a mouth. [potion of mutation]
  2313 | D:3      | Slain by Nblphnx's ghost

Skill      XL: |  1  2  3  4 |
---------------+-------------+-----
Dodging        | 2 |  2.5
Short Blades   | 3 |  3.2
Stealth        | 5 |  5.0
Fighting       | |  2.0
Throwing       | |  2.0

Action                   |  1- 3 |  4- 6 || total
-------------------------+-------+-------++-------
Melee: Dagger            |    89 |    58 ||   147
 Fire: Blowgun           |    13 |     7 ||    20
  Use: Scroll            |       |     4 ||     4
       Potion            |       |     1 ||     1
 Stab: Sleeping          |     1 |     3 ||     4
       Distracted        |       |     1 ||     1
  Eat: Chunk             |     1 |     3 ||     4
Armor: Robe              |     9 |     4 ||    13
       Leather armour    |       |     9 ||     9
Dodge: Dodged            |    44 |    20 ||    64
